Map: Multitask trainer by Mave (terran)

Players

Addict - Winner!

  • Race: Terran Terran
  • League: Master
  • Spawn Location: 11:00

VOD

Have the link to the VOD?

Description

Time

  • Played on: Dec. 3, 2021, 8:18 a.m.
  • Length: 9:44
Show
View Real Time Build Order
Export as new Build Order

Addict Terran - Winner!

Build Orders:  

Get SALT Encoding   

  12  0:01  SCV  
  13  0:13  SCV  
  14  0:19  Supply Depot  
  14  0:25  SCV  
  15  0:40  SCV  
  15  0:42  Barracks  
  16  0:45  Refinery  
  16  0:53  SCV  
  17  1:06  SCV  
  18  1:18  SCV  
  19  1:29  Marine  
  19  1:30  Orbital Command  
  20  1:47  Command Center  
  20  1:55  SCV  
  21  2:01  Factory  
  21  2:06  Barracks Reactor  
  21  2:08  SCV  
  22  2:15  Supply Depot  
  22  2:20  SCV  
  23  2:23  Refinery  
  23  2:37  SCV  
  23  2:42  Marine  
  23  2:43  Marine  
  26  2:45  Starport  
  26  2:47  Hellion  
  26  2:51  SCV  
  29  3:00  Orbital Command  
  29  3:03  SCV  
  29  3:04  Marine  
  31  3:07  Marine  
  32  3:13  Widow Mine  
  32  3:15  SCV  
  35  3:22  Supply Depot  
  35  3:25  Medivac  
  37  3:29  SCV  
  37  3:31  SCV  
  39  3:41  Barracks Tech Lab, SCV  
  40  3:44  SCV, Hellion  
  40  3:48  Hellion  
  45  3:53  SCV  
  46  3:55  Supply Depot  
  46  3:57  Starport Tech Lab  
  46  4:00  SCV  
  47  4:05  Hellion  
  47  4:08  SCV  
  47  4:09  Hellion  
  52  4:15  SCV  
  53  4:18  Supply Depot  
  53  4:21  Banshee  
  56  4:26  Hyperflight Rotors  
  56  4:27  SCV x2  
  58  4:39  SCV  
  58  4:43  SCV, Command Center  
  60  4:51  Marine, SCV  
  60  4:52  Stimpack  
  62  4:54  Barracks  
  62  4:58  SCV  
  63  5:00  Factory Reactor  
  63  5:04  Barracks  
  63  5:05  Supply Depot  
  63  5:10  Banshee  
  63  5:13  SCV  
  63  5:14  SCV  
  68  5:24  Engineering Bay  
  68  5:25  Engineering Bay, SCV  
  68  5:26  SCV  
  70  5:34  Supply Depot  
  70  5:37  SCV  
  70  5:38  SCV  
  70  5:41  Marine, Refinery  
  70  5:42  Marine x2  
  75  5:49  SCV  
  76  5:50  SCV  
  76  5:52  Factory Reactor  
  76  5:53  Refinery  
  77  5:57  Supply Depot  
  77  5:59  Orbital Command  
  77  6:01  Terran Infantry Armor Level 1, SCV, Terran Infantry Weapons Level 1  
  77  6:03  SCV  
  79  6:09  Marine x2  
  81  6:13  SCV  
  81  6:15  SCV  
  81  6:18  Marine x3  
  85  6:19  Supply Depot  
  86  6:26  Marine  
  86  6:28  SCV x3  
  90  6:33  Marine  
  90  6:36  Marine x2  
  93  6:40  SCV  
  93  6:42  SCV x2  
  96  6:48  Supply Depot, Armory  
  96  6:52  Marine, SCV  
  96  6:53  Marine x3, Combat Shield  
  101  6:54  SCV x2, Medivac x2  
  101  6:56  Factory Reactor  
  101  6:57  Factory  
  107  7:03  Refinery  
  107  7:05  SCV  
  107  7:06  SCV  
  109  7:10  Barracks x2  
  109  7:13  Marine  
  109  7:14  Marine x4, Supply Depot  
  114  7:24  Medivac x2  
  114  7:28  SCV  
  119  7:31  Marine x2, SCV  
  119  7:33  Command Center  
  119  7:37  Supply Depot  
  122  7:42  Marine x3  
  125  7:44  Supply Depot  
  125  7:47  Siege Tank, Widow Mine x2  
  125  7:51  SCV  
  133  7:53  Supply Depot  
  133  7:54  Refinery  
  133  7:57  Barracks Reactor x2  
  133  7:58  Marine x2  
  135  7:59  Marine  
  136  8:05  Marine  
  136  8:06  Marine  
  136  8:08  Supply Depot  
  136  8:09  Supply Depot  
  138  8:14  Widow Mine  
  138  8:15  Widow Mine  
  138  8:16  Marine x2  
  138  8:17  Marine  
  145  8:23  Marine  
  145  8:24  Marine  
  145  8:26  Widow Mine  
  149  8:28  Concussive Shells  
  149  8:32  Supply Depot  
  149  8:33  Supply Depot, Marine  
  149  8:34  Marine x5  
  150  8:35  Marine  
  150  8:36  Widow Mine x2  
  150  8:38  Medivac x2  
  150  8:41  Marine  
  164  8:42  Marine  
  164  8:47  Widow Mine  
  168  8:51  Marine  
  168  8:52  Marine x5  
  168  8:53  Planetary Fortress  
  168  8:55  Supply Depot  
  174  8:57  Supply Depot, Widow Mine  
  174  9:00  Marine x3  
  179  9:04  Missile Turret  
  179  9:06  Missile Turret  
  179  9:08  Missile Turret  
  179  9:09  Marine x4  
  180  9:10  Marine  
  180  9:13  Widow Mine x2  
  188  9:19  Widow Mine  
  188  9:22  Marine x4  
  197  9:32  Ghost Academy  
  197  9:39  Barracks x3  
Tags
 
Add a new tag
Caveats
  • Supply blocks, unpowered buildings, or Contaminate may cause inaccurate times.
  • Supply counts are checked every 10 seconds.